 Dungeon Crawl Stone Soup version 0.24.0-1-gfbc8707122 (webtiles) character file.

Game seed: 11065866159268441699, levelgen mode: deterministic

235 Nivan the Conjurer (level 5, -1/40 HPs)
             Began as a Draconian Conjurer on Oct 28, 2019.
             Slain by Natasha (2 damage)
             ... on level 3 of the Dungeon.
             The game lasted 00:09:18 (1940 turns).

Nivan the Conjurer (Draconian Conjurer)             Turns: 1940, Time: 00:09:19

Health: -1/40      AC:  5    Str: 10    XL:     5   Next: 76%
Magic:  10/18      EV: 12    Int: 17    God:
Gold:   105        SH:  0    Dex: 11    Spells: 7/10 levels left

rFire    . . .     SeeInvis .   a - +2 dagger (drain)
rCold    . . .     Gourm    .   (no shield)
rNeg     . . .     Faith    .   (armour unavailable)
rPois    .         Spirit   .   (helmet restricted)
rElec    .         Reflect  .   (no cloak)
rCorr    .         Harm     .   (no gloves)
MR       .....                  (no boots)
Stlth    ++........             (no amulet)
HPRegen  0.13/turn              m - ring of magical power
MPRegen  0.16/turn              q - ring of flight

@: no status effects
A: unfitting armour, cold-blooded, AC +5
a: Evoke Flight


You were on level 3 of the Dungeon.
You were not hungry.

You visited 1 branch of the dungeon, and saw 3 of its levels.

You collected 105 gold pieces.

Inventory:

Hand Weapons
 a - a +2 dagger of draining (weapon)
Armour
 g - a +0 shield
Jewellery
 m - a ring of magical power (left hand)
 q - a ring of flight (right hand)
Wands
 p - a wand of polymorph (8)
Scrolls
 d - 3 scrolls of teleportation {unknown}
 i - a scroll of enchant weapon {unknown}
 k - 3 scrolls of identify {unknown}
 l - a scroll of noise {unknown}
 s - a scroll of immolation {unknown}
 u - a scroll of fear {unknown}
Potions
 c - a potion of brilliance {unknown}
 e - a potion of flight {unknown}
 f - a potion of degeneration {unknown}
 h - a potion of might {unknown}
 j - 2 potions of curing {unknown}
 n - a potion of heal wounds {unknown}
 o - a potion of invisibility {unknown}
 r - a potion of lignification {unknown}
 v - a potion of haste {unknown}
Comestibles
 b - 9 rations
 t - 5 chunks of flesh


   Skills:
 + Level 1.0 Fighting
 + Level 2.6 Dodging
 + Level 2.6 Stealth
 + Level 3.0 Spellcasting
 + Level 5.7 Conjurations


You had 7 spell levels left.
You knew the following spells:

 Your Spells              Type           Power        Failure   Level  Hunger
a - Magic Dart            Conj           ###.         1%          1    None
b - Searing Ray           Conj           ###...       2%          2    ##.....

Your spell library contained the following spells:

 Spells                   Type           Power        Failure   Level  Hunger
 Dazzling Spray           Conj/Hex       ##....       16%         3    ###....
 Iskenderun's Mystic Bla  Conj           ###.....     17%         4    ####...
 Force Lance              Conj/Tloc      ##......     47%         4    ####...
 Fulminant Prism          Conj/Hex       ##........   47%         4    ####...


Dungeon Overview and Level Annotations

Branches:
Dungeon (3/15)

Altars:
Kikubaaqudgha

Annotations:
D:3 Natasha


Innate Abilities, Weirdness & Mutations

Your plain brown scales are hard. (AC +5)
You cannot fit into any form of body armour.
You are cold-blooded and may be slowed by cold attacks.


Message History

Natasha casts a spell at you. The magic dart hits you!
* * * LOW HITPOINT WARNING * * *
You open the door.
There is an open door here.
You close the door.
Casting: Magic Dart (safe; 1% risk of failure)
Confirm with . or Enter, or press ? or * to list all spells.
Aiming: Searing Ray (safe; 2% risk of failure)
Press: ? - help, Shift-Dir - straight line, f - Natasha
Aim: Natasha The searing ray hits Natasha.
Natasha is lightly wounded. (Press . to maintain the ray.) Natasha claws you.
* * * LOW HITPOINT WARNING * * *
The searing ray hits Natasha.
Natasha is lightly wounded.
Natasha claws you.
You die...

$........... .....
...........# ...#
...........#....#
######...........#....#
#.......#..........#
#.......###...+#.##....
#.......# #...+#h# .
#.......###÷[÷##+##
........+..#+#.h@.#
........##.#.#....#
..†..# ##...#....#
.....# #.(..#....#
.########'#h.#....#
.####......#.###+##
...........#..#
...†.......##.#
...........# .#


You could see Natasha.

Vanquished Creatures
  Jessica (D:3)
  Natasha (twice) (D:3)
  An orc wizard (D:3)
  4 gnolls (D:3)
  2 adders
  An ooze (D:2)
  A worm (D:2)
  2 leopard geckos
  10 orcs (D:3)
  6 bats
  2 giant cockroaches (D:1)
  9 goblins
  7 hobgoblins
  4 jackals (D:2)
  4 frilled lizards
  4 kobolds
  3 rats
63 creatures vanquished.

Notes
Turn   | Place    | Note
-------+----------+-------------------------------------------
     0 | D:1      | Nivan the Draconian Conjurer began the quest for the Orb.
     0 | D:1      | Reached XP level 1. HP: 14/14 MP: 3/3
    58 | D:1      | Reached XP level 2. HP: 11/20 MP: 0/5
   715 | D:2      | Reached XP level 3. HP: 26/26 MP: 1/6
   967 | D:2      | Reached skill level 5 in Conjurations
  1148 | D:2      | Learned a level 2 spell: Searing Ray
  1521 | D:3      | Reached XP level 4. HP: 28/33 MP: 3/7
  1580 | D:3      | Found an ancient bone altar of Kikubaaqudgha.
  1596 | D:3      | Noticed Natasha
  1618 | D:3      | Killed Natasha
  1618 | D:3      | Reached XP level 5. HP: 22/39 MP: 2/8
  1829 | D:3      | Noticed Jessica
  1842 | D:3      | Killed Jessica
  1869 | D:3      | Noticed Natasha
  1891 | D:3      | Killed Natasha
  1896 | D:3      | Reached skill level 1 in Fighting
  1919 | D:3      | Noticed Natasha
  1939 | D:3      | HP: 1/40 [Natasha (4)]
  1940 | D:3      | Slain by Natasha

Levels and vault maps discovered:
D:1:      dpeg_arrival_rooms_with_view, layout_basic
D:2:      layout_basic
D:3:      layout_basic, old_standard_altar, lemuel_coloured_pillars_altar,
          first_ration, uniq_jessica, uniq_sigmund, uniq_natasha

Skill      XL: |  1  2  3  4  5 |
---------------+----------------+-----
Dodging        | 2 |  2.6
Stealth        | 2 |  2.6
Conjurations   | 5 |  5.7
Fighting       | 1 |  1.0
Spellcasting   | 3 |  3.0

Action                   |  1- 3 |  4- 6 || total
-------------------------+-------+-------++-------
Melee: Dagger            |    40 |    16 ||    56
       Tailslap          |     2 |     2 ||     4
 Cast: Magic Dart        |    55 |    16 ||    71
       Searing Ray       |     2 |     8 ||    10
  Eat: Chunk             |     2 |     3 ||     5
Armor: Skin              |    15 |     8 ||    23
Dodge: Dodged            |    30 |    12 ||    42
Block: Shield            |     2 |       ||     2
